 Dungeon Crawl Stone Soup version 0.27.1-2-g3b301248ec (webtiles) character file.

Game seed: 12462464056276386738

82 Jawa73 the Insei (level 4, -5/32 HPs)
             Began as an Octopode Monk on Sept 23, 2021.
             Killed by divine providence
             ... invoked by an orc priest
              (16 damage)
             ... on level 3 of the Dungeon.
             The game lasted 00:04:25 (1694 turns).

Jawa73 the Insei (Octopode Monk)                    Turns: 1694, Time: 00:04:25

Health: -5/32      AC:  1    Str: 11    XL:     4   Next: 43%
Magic:  4/4        EV: 18    Int: 12    God:
Gold:   61         SH:  0    Dex: 14    Spells: 3/3 levels left

rFire    . . .     SeeInvis .     - Unarmed
rCold    . . .     Faith    .   (no shield)
rNeg     . . .     Spirit   .   (helmet restricted)
rPois    .         Reflect  .   g - amulet of the acrobat
rElec    .         Harm     .   b - +4 ring of evasion
rCorr    .         Rampage  .   (no ring)
Will     .....                  (no ring)
Stlth    +++.......             (no ring)
HPRegen  0.10/turn              (no ring)
MPRegen  0.09/turn              (no ring)
                                (no ring)
                                (no ring)

@: no status effects
A: almost no armour, amphibious, 8 rings, camouflage 1, gelatinous body 1,
(nimble swimmer 1), tentacles
a: no special abilities


You were on level 3 of the Dungeon.
You visited 1 branch of the dungeon, and saw 3 of its levels.

You collected 61 gold pieces.

Inventory:

Jewellery
 b - a +4 ring of evasion (left tentacle)
 g - an amulet of the acrobat (around mantle)
Scrolls
 f - 2 scrolls of enchant weapon
Potions
 a - a potion of attraction
 c - a potion of ambrosia {unknown}
 d - a potion of haste {unknown}
 e - a potion of curing {unknown}


   Skills:
 * Level 3.6 Fighting
 * Level 3.7 Dodging
 - Level 2.6 Stealth
 * Level 4.0 Unarmed Combat


You had 3 spell levels left.
You didn't know any spells.
Your spell library was empty.

Dungeon Overview and Level Annotations

Branches:
Dungeon (3/15)

Altars:


Innate Abilities, Weirdness & Mutations

You cannot wear most types of armour.
You are amphibious.
You can wear up to eight rings at the same time.
Your skin changes colour to match your surroundings (Stealth+).
Your rubbery body absorbs attacks. (AC +1, EV +1)
((You are camouflaged near water. (Stealth+)))
You have tentacles for arms and can constrict up to eight enemies at once.


Message History

Your grab misses the giant cockroach. The giant cockroach misses you.
You barely miss the giant cockroach. You grab the giant cockroach.
You squeeze the giant cockroach.
You kill the giant cockroach!
Found an escape hatch in the ceiling.
You hear the slow rusting of a drain nearby.
A hobgoblin comes into view.
Found a stone staircase leading up.
The hobgoblin completely misses you.
You tentacle-slap the hobgoblin. Your grab misses the hobgoblin.
You squeeze the hobgoblin.
You kill the hobgoblin!
No target in view!
No target in view!
You see here a hobgoblin corpse.
A quokka comes into view.
The quokka moves out of view.
The orc wizard shouts!
An orc comes into view. It is wielding a +0 whip.
Found an escape hatch in the floor.
The orc priest shouts!
An adder comes into view.
The orc wizard casts a spell at you. You resist with some effort.
The orc shouts!
The orc wizard mumbles some strange words.
The orc wizard flickers and vanishes!
Deactivating autopickup; reactivate with Ctrl-A.
The orc priest mumbles some strange prayers to Beogh against you.
Beogh smites you!
A puff of flame appears from out of thin air!
The puff of flame misses you.
You see here a hobgoblin corpse.
There is a stone staircase leading up here.
The orc priest invokes the aid of Beogh against you.
Beogh smites you!
The orc priest mumbles some strange prayers to Beogh against you.
Beogh smites you!
Ouch! That really hurt!
You die...

#..............##
#.#.##........##
##.#.##.#####...# #....##.#
#...# #..#.##.# #...# .
##########.###...# #...###..
#.....##..## ##.######o.......
#.....##.#.###.##..o..........
#...........#@r.†.oo..........
#.....#.##.#..###.............
#.....#.##.##.# ######........
#######.##.##.# #...###..
#####.##.##.# #...# #
#......<.##.# #...#
#.###.......# #...# #.
###..#... ##... .. ..#.##


You could see an orc priest, 2 orcs and a quokka.

Vanquished Creatures
  4 adders
  5 dart slugs
  An orc (D:3)
  5 endoplasms
  A giant cockroach (D:3)
  A goblin (D:1)
  5 hobgoblins
  3 jackals (D:3)
  4 ball pythons (D:1)
  A bat (D:1)
  2 frilled lizards
  A kobold (D:2)
  2 rats (D:1)
35 creatures vanquished.

Vanquished Creatures (others)
  3 fungi (D:2)
  2 plants (D:2)
5 creatures vanquished.

Grand Total: 40 creatures vanquished

Notes
Turn   | Place    | Note
-------+----------+-------------------------------------------
     0 | D:1      | Jawa73 the Octopode Monk began the quest for the Orb.
     0 | D:1      | Reached XP level 1. HP: 16/16 MP: 1/1
   136 | D:1      | Reached XP level 2. HP: 21/21 MP: 2/2
   546 | D:1      | Reached XP level 3. HP: 26/26 MP: 3/3
  1192 | D:2      | Reached XP level 4. HP: 30/31 MP: 4/4
  1373 | D:2      | Found a faded altar of an unknown god.
  1528 | D:3      | Reached skill level 4 in Unarmed Combat
  1694 | D:3      | Killed from afar by an orc priest

Illustrated notes

Levels and vault maps discovered:
D:1:      scummos_arrival_star, layout_loops_cross, minmay_misc_feat_square
D:2:      layout_basic, shapermc_ecumenical_altar_petra,
          grunt_decor_mini_mirrors
D:3:      layout_loops_cross, gup_sewer_entry_spiral, eino_tiny_chamber,
          st_stairs_2, uniq_robin

Skill      XL: |  1  2  3  4 |
---------------+-------------+-----
Unarmed Combat | 4 |  4.0
Fighting       | |  3.6
Dodging        | |  3.7
Stealth        | |  2.6

Action                   |  1- 3 |  4- 6 || total
-------------------------+-------+-------++-------
Melee: Unarmed           |    64 |    32 ||    96
       Constrict         |    15 |    13 ||    28
       Tentacles         |    13 |    10 ||    23
       Punch             |     1 |     1 ||     2
  Use: Scroll            |     4 |       ||     4
 Stab: Sleeping          |     7 |     2 ||     9
Armor: Skin              |     3 |       ||     3
Dodge: Dodged            |    41 |    16 ||    57
